[Event "ICC Open 2015"]
[Site "Internet Chess Club"]
[Date "2015.05.30"]
[Round "9"]
[White "Kjaan1974"]
[Black "EbbeK"]
[Result "0-1"]
[ICCResult "White resigns"]
[WhiteElo "1387"]
[BlackElo "1501"]
[Opening "King's pawn game"]
[ECO "C44"]
[NIC "KP.07"]
[Time "15:48:22"]
[TimeControl "180+0"]

1. e4 e5 2. Nf3 Nc6 3. d3 Bc5 4. c3 Nf6 5. h3 O-O 6. b4 Bb6 7. a4 a6 8. Nbd2
d6 9. Nc4 Ba7 10. Be2 Re8 11. Bb2 d5 12. exd5 Nxd5 13. b5 Nce7 14. bxa6 Nf4
15. O-O Bxh3 16. axb7 Rb8 17. gxh3 Nxh3+ 18. Kg2 Nf4+ 19. Kh1 Nf5 20. Rg1
Bxf2 21. Rg4 Ne3 22. Nxe3 Bxe3 23. d4 Qd7 24. Nxe5 Qf5 25. Qf1 Rxb7 26. Ba3
Rb6 27. Rxf4 Rh6+ {White resigns} 0-1

[Event "ICC Open 2015"]
[Site "Internet Chess Club"]
[Date "2015.05.30"]
[Round "9"]
[White "carpenterdale"]
[Black "gioachino82"]
[Result "0-1"]
[ICCResult "White resigns"]
[WhiteElo "1255"]
[BlackElo "1468"]
[Opening "Nimzo-Indian defense"]
[ECO "E20"]
[NIC "NI.30"]
[Time "15:48:42"]
[TimeControl "180+0"]

1. d4 Nf6 2. c4 e6 3. Nc3 Bb4 4. Bd2 d5 5. e3 O-O 6. Qc2 c5 7. Nf3 Nc6 8.
Bd3 cxd4 9. exd4 dxc4 10. Bxc4 Nxd4 11. Nxd4 Qxd4 12. Bd3 Rd8 13. a3 Bxc3
14. Bxc3 Qxd3 15. Qxd3 Rxd3 16. Bxf6 gxf6 17. O-O Bd7 18. Rac1 Bc6 19. f3
Rad8 20. b4 Rxa3 21. Rc4 Bb5 22. Rg4+ Kf8 23. Rc1 Bc6 24. Rc5 Rb3 25. Rh5
Rd2 26. h3 Rb1+ 27. Kh2 Bxf3 28. Rg3 Bxh5 {White resigns} 0-1

[Event "ICC Open 2015"]
[Site "Internet Chess Club"]
[Date "2015.05.30"]
[Round "9"]
[White "QuintilianoR"]
[Black "UAE2002"]
[Result "1-0"]
[ICCResult "Black resigns"]
[WhiteElo "2515"]
[BlackElo "2153"]
[Opening "Sicilian: accelerated fianchetto, modern variation with Bc4"]
[ECO "B35"]
[NIC "SI.33"]
[Time "15:48:53"]
[TimeControl "180+0"]

1. d4 c5 2. e4 cxd4 3. Nf3 Nc6 4. Nxd4 g6 5. Nc3 Bg7 6. Be3 Nf6 7. Bc4 O-O
8. Bb3 Nxd4 9. Bxd4 d6 10. O-O b6 11. Re1 Bb7 12. h3 Rc8 13. Qd2 Qc7 14.
Rad1 a6 15. Qe2 e5 16. Be3 h6 17. Qf3 Kh7 18. Qe2 b5 19. f3 Nh5 20. Qd2 Nf4
21. Qxd6 Qxd6 22. Rxd6 Rfd8 23. Red1 Rxd6 24. Rxd6 Rc7 25. Kf2 Bf8 26. Rd1
Bb4 27. Ne2 Nxe2 28. Kxe2 a5 29. c3 Be7 30. Bd5 f5 31. Bb6 Rd7 32. Bg8+ Kxg8
33. Rxd7 {Black resigns} 1-0

[Event "ICC Open 2015"]
[Site "Internet Chess Club"]
[Date "2015.05.30"]
[Round "9"]
[White "catman"]
[Black "Agilemaster"]
[Result "1-0"]
[ICCResult "Black checkmated"]
[WhiteElo "1677"]
[BlackElo "1984"]
[Opening "Dutch, 2.Bg5 variation"]
[ECO "A80"]
[NIC "HD.12"]
[Time "15:47:43"]
[TimeControl "180+0"]

1. d4 f5 2. Bg5 Nf6 3. Bxf6 exf6 4. e3 d5 5. c4 Be6 6. Qb3 dxc4 7. Bxc4 Bxc4
8. Qxc4 Nc6 9. Nc3 Bb4 10. Qe6+ Qe7 11. Qxf5 Nxd4 12. Qh5+ g6 13. Qd1 O-O-O
14. Nf3 Nxf3+ 15. Qxf3 Qe5 16. Qg4+ f5 17. Qxb4 Rd6 18. O-O h5 19. Qf4 Qf6
20. Rac1 g5 21. Qc4 Rc6 22. Nd5 Qe5 23. Qd4 Qxd4 24. exd4 Rd6 25. Ne7+ Kd7
26. Nxf5 Rd5 27. Ne3 Rxd4 28. Rfd1 Rxd1+ 29. Rxd1+ Ke6 30. g3 c5 31. Rc1 b6
32. Re1 Kd6 33. Kg2 Kc6 34. Nf5 Rf8 35. Re6+ Kb5 36. Nd6+ Kb4 37. Ne4 Rd8
38. Nxg5 Rd1 39. Re2 Ra1 40. a3+ Kb3 41. f4 Rd1 42. f5 Rd7 43. f6 c4 44. f7
Rd8 45. Re8 Rd2+ 46. Kh3 Rxb2 47. f8=Q c3 48. Qb4+ Kc2 49. Re2+ Kb1 50.
Rxb2+ cxb2 51. Ne4 Ka2 52. Nc3+ Ka1 53. Qb3 a5 54. Qa2# {Black checkmated}
1-0

[Event "ICC Open 2015"]
[Site "Internet Chess Club"]
[Date "2015.05.30"]
[Round "9"]
[White "flinkfinger"]
[Black "wagnerbi"]
[Result "1-0"]
[ICCResult "Black forfeits on time"]
[WhiteElo "2333"]
[BlackElo "1921"]
[Opening "English opening"]
[ECO "A15"]
[NIC "EO.52"]
[Time "15:47:43"]
[TimeControl "180+0"]

1. c4 Nf6 2. Nf3 g6 3. Nc3 d5 4. cxd5 Nxd5 5. Qa4+ c6 6. d4 Nxc3 7. bxc3 Bg7
8. e4 O-O 9. Be2 b5 10. Qc2 a6 11. Be3 Nd7 12. O-O c5 13. d5 Bb7 14. a4 c4
15. Nd4 Rb8 16. axb5 axb5 17. Nxb5 Bxd5 18. exd5 Rxb5 19. Bxc4 Rb8 20. Ba2
Rc8 21. Bd2 Nb6 22. Qd3 Qc7 23. Rac1 Rfd8 24. c4 Na4 25. Be3 Nc5 26. Qe2 Ra8
27. Rcd1 Ra3 28. Bc1 Ra6 29. Rfe1 Rda8 30. Bb1 Bf8 31. Bg5 f6 32. Be3
{Black forfeits on time}
1-0

[Event "ICC Open 2015"]
[Site "Internet Chess Club"]
[Date "2015.05.30"]
[Round "9"]
[White "kava"]
[Black "JW"]
[Result "0-1"]
[ICCResult "White resigns"]
[WhiteElo "2865"]
[BlackElo "2649"]
[Opening "English: Sicilian reversed"]
[ECO "A25"]
[NIC "EO.20"]
[Time "15:49:00"]
[TimeControl "180+0"]

1. c4 e5 2. Nc3 Nc6 3. g3 f5 4. Bg2 Nf6 5. e3 g6 6. Nge2 Bg7 7. O-O O-O 8.
b3 b6 9. d4 e4 10. Ba3 Re8 11. Qc2 a5 12. Nb5 Nb4 13. Qd2 d5 14. Bxb4 axb4
15. Qxb4 c6 16. Nd6 c5 17. dxc5 bxc5 18. Qxc5 Bf8 19. Qc6 Bd7 20. Qc5 Re6
21. cxd5 Rxd6 22. Qc2 Rc8 23. Qb2 Nxd5 24. Rad1 Bg7 25. Qa3 Qf8 26. Rd2 Bb5
27. Re1 Bd3 28. Rc1 Rxc1+ 29. Nxc1 Ba6 30. Bf1 Bxf1 31. Kxf1 Nxe3+
{White resigns}
0-1

[Event "ICC Open 2015"]
[Site "Internet Chess Club"]
[Date "2015.05.30"]
[Round "9"]
[White "Hareaum"]
[Black "truufseir"]
[Result "1-0"]
[ICCResult "Black resigns"]
[WhiteElo "1743"]
[BlackElo "1594"]
[Opening "Scotch game"]
[ECO "C45"]
[NIC "SO.05"]
[Time "15:48:13"]
[TimeControl "180+0"]

1. e4 e5 2. Nf3 Nc6 3. d4 exd4 4. Nxd4 Bc5 5. Be3 Qf6 6. c3 Nge7 7. Bc4 d6
8. O-O Be6 9. Nxe6 fxe6 10. Bxc5 dxc5 11. Nd2 O-O-O 12. Qe2 Ne5 13. Rad1 h5
14. f4 Ng4 15. h3 Nh6 16. Nb3 Rxd1 17. Qxd1 Rd8 18. Qxh5 b6 19. Qg5 Qf7 20.
f5 Qf6 21. Bxe6+ Kb8 22. h4 Qxg5 23. hxg5 Ng4 24. f6 Ne3 25. fxe7 Re8 26.
Rf8 {Black resigns} 1-0

[Event "ICC Open 2015"]
[Site "Internet Chess Club"]
[Date "2015.05.30"]
[Round "9"]
[White "Knight83"]
[Black "centrepawn"]
[Result "1-0"]
[ICCResult "Black forfeits on time"]
[WhiteElo "1248"]
[BlackElo "1244"]
[Opening "Vienna game"]
[ECO "C25"]
[NIC "VG.04"]
[Time "15:48:00"]
[TimeControl "180+0"]

1. e4 e5 2. Nc3 d6 3. g3 Be6 4. Bg2 Nc6 5. d3 Be7 6. Nge2 Nf6 7. O-O Nd4 8.
f4 d5 9. f5 Nxe2+ 10. Nxe2 Bd7 11. Nc3 d4 12. Ne2 Bc5 13. h3 Qe7 14. Kh2
O-O-O 15. a3 g6 16. Bg5 h6 17. Bd2 Nh5 18. g4 Nf6 19. c3 gxf5 20. gxf5 Rdg8
21. Rf2 Nh5 22. Bf3 Qh4 23. Bxh5 Qxh5 24. Qf1 Rg4 25. Rg2 Rh4 26. Rg3 Bxf5
27. exf5 {Black forfeits on time} 1-0

[Event "ICC Open 2015"]
[Site "Internet Chess Club"]
[Date "2015.05.30"]
[Round "9"]
[White "Much-Acclaimed"]
[Black "zonata"]
[Result "0-1"]
[ICCResult "White resigns"]
[WhiteElo "1946"]
[BlackElo "2337"]
[Opening "English: symmetrical variation"]
[ECO "A30"]
[NIC "EO.64"]
[Time "15:47:41"]
[TimeControl "180+0"]

1. c4 c5 2. g3 g6 3. Bg2 Bg7 4. Nf3 Nf6 5. O-O O-O 6. d4 cxd4 7. Nxd4 Nc6 8.
Nc2 d6 9. Nc3 Be6 10. b3 Qa5 11. Qd2 Rfc8 12. Bb2 Rab8 13. Ne3 a6 14. a4 Qb4
15. Ba3 Qa5 16. Rfd1 Nd7 17. Bb2 Nc5 18. Qc2 Nd4 19. Rxd4 Bxd4 20. Ncd5 Bxd5
21. Bxd4 Be6 22. Rb1 Qd8 23. b4 Nd7 24. Qd3 f6 25. h4 Bf7 26. h5 Ne5 27. Qe4
Nxc4 28. Rd1 Nxe3 29. Qxe3 Qe8 30. h6 e5 31. Bb6 Qxa4 32. Rxd6 Qxb4 33. Rxf6
Qe1+ 34. Kh2 Qc1 35. Qxe5 Qxh6+ 36. Bh3 Rf8 37. Kg2 Rbe8 38. Qc7 Qg5 39. Rf4
Qe5 40. Qxb7 Bd5+ {White resigns} 0-1

[Event "ICC Open 2015"]
[Site "Internet Chess Club"]
[Date "2015.05.30"]
[Round "9"]
[White "Govindan"]
[Black "jewels2"]
[Result "1-0"]
[ICCResult "Black forfeits on time"]
[WhiteElo "1522"]
[BlackElo "1307"]
[Opening "Two knights defense (Modern bishop's opening)"]
[ECO "C55"]
[NIC "IG.01"]
[Time "15:47:38"]
[TimeControl "180+0"]

1. e4 e5 2. Nf3 Nc6 3. Bc4 Nf6 4. d3 d6 5. Bg5 Be7 6. Nbd2 h6 7. Bh4 Bg4 8.
c3 g5 9. Bg3 Na5 10. Qa4+ Nc6 11. Qb3 Na5 12. Qb5+ Nc6 13. Qxb7 Bd7 14. Qb3
Rb8 15. Qc2 Na5 16. Bb3 c6 17. c4 Be6 18. Qc3 Nb7 19. Bc2 Nc5 20. b4 Na6 21.
a3 Nd7 22. O-O h5 23. h3 g4 24. hxg4 hxg4 25. Nh2 Bh4 26. d4 exd4 27. Qxd4
Bf6 28. Qe3 Bxa1 29. Rxa1 c5 30. b5 Nc7 31. Nb3 Nb6 32. Bd3 Qf6 33. Rb1 Na4
34. Be2 Nc3 35. Rc1 Nxe2+ 36. Qxe2 Ke7 37. Nxg4 {Black forfeits on time} 1-0

[Event "ICC Open 2015"]
[Site "Internet Chess Club"]
[Date "2015.05.30"]
[Round "9"]
[White "gsvc"]
[Black "Satyricon"]
[Result "1-0"]
[ICCResult "Black resigns"]
[WhiteElo "2667"]
[BlackElo "2244"]
[Opening "Sicilian, Chekhover variation"]
[ECO "B53"]
[NIC "SI.02"]
[Time "15:48:41"]
[TimeControl "180+0"]

1. e4 c5 2. Nf3 d6 3. d4 cxd4 4. Qxd4 a6 5. h3 Nc6 6. Qe3 g6 7. c4 Bh6 8.
Qc3 f6 9. Be2 Qa5 10. O-O Qxc3 11. Nxc3 Be6 12. Nd5 Bxd5 13. exd5 Ne5 14.
Nd4 Kf7 15. f4 Nd7 16. Ne6 Rc8 17. Be3 f5 18. g3 Ngf6 19. g4 Ne4 20. Bd4
Rhg8 21. Kh2 Ndc5 22. gxf5 gxf5 23. Bh5+ Rg6 24. Nxc5 dxc5 25. Be5 b5 26. b3
e6 27. d6 Nf6 28. Bxg6+ hxg6 29. Bxf6 Kxf6 30. Rad1 Rd8 31. Kg3 g5 32. fxg5+
Bxg5 33. Rfe1 e5 34. h4 Bf4+ 35. Kf3 Ke6 36. Rg1 Kf7 37. h5 Bh6 38. Rg6 e4+
39. Kg3 Bf8 40. Kf4 {Black resigns} 1-0

[Event "ICC Open 2015"]
[Site "Internet Chess Club"]
[Date "2015.05.30"]
[Round "9"]
[White "jorgeearroyo"]
[Black "JAscorpio"]
[Result "0-1"]
[ICCResult "White forfeits on time"]
[WhiteElo "1182"]
[BlackElo "1216"]
[Opening "French defense"]
[ECO "C00"]
[NIC "FR.01"]
[Time "15:48:46"]
[TimeControl "180+0"]

1. e4 e6 2. Bc4 d5 3. exd5 exd5 4. Bb5+ c6 5. Be2 Be6 6. Nf3 Nd7 7. O-O Qb6
8. d4 O-O-O 9. Nc3 f6 10. Na4 Qc7 11. Bd2 g5 12. Qe1 h5 13. h3 Bd6 14. Ba5
b6 15. Ba6+ Kb8 16. Bb4 g4 17. Bxd6 Qxd6 18. Nd2 gxh3 19. g3 h4 20. Qe3 Nh6
21. c4 Nf5 22. c5 Qe7 23. cxb6 Nxe3 24. bxa7+ Kxa7 25. fxe3 Kxa6 26. b4 Rdg8
27. g4 Rxg4+ 28. Kf2 Rg2+ 29. Ke1 h2 30. b5+ cxb5 {White forfeits on time}
0-1

[Event "ICC Open 2015"]
[Site "Internet Chess Club"]
[Date "2015.05.30"]
[Round "9"]
[White "ChessNakas"]
[Black "maly"]
[Result "0-1"]
[ICCResult "White checkmated"]
[WhiteElo "2133"]
[BlackElo "2551"]
[Opening "Caro-Kann: Panov-Botvinnik attack, 5...e6"]
[ECO "B14"]
[NIC "CK.03"]
[Time "15:48:08"]
[TimeControl "180+0"]

1. e4 c6 2. d4 d5 3. exd5 cxd5 4. c4 Nf6 5. Nc3 e6 6. Nf3 Be7 7. c5 O-O 8.
Qc2 b6 9. b4 a5 10. Na4 Nbd7 11. b5 bxc5 12. dxc5 Ne4 13. Be3 e5 14. Bd3 f5
15. O-O d4 16. Bxe4 fxe4 17. Qxe4 Rb8 18. c6 dxe3 19. Qd5+ Kh8 20. cxd7 Qxd7
21. Qxd7 Bxd7 22. Nc3 exf2+ 23. Kh1 Bb4 24. Nxe5 Bxc3 25. Nxd7 Bxa1 26. Nxb8
Rxb8 27. Rxa1 Re8 28. g3 Re1+ 29. Kg2 f1=Q# {White checkmated} 0-1

[Event "ICC Open 2015"]
[Site "Internet Chess Club"]
[Date "2015.05.30"]
[Round "9"]
[White "BennieHill"]
[Black "Impite"]
[Result "1-0"]
[ICCResult "Black checkmated"]
[WhiteElo "1271"]
[BlackElo "1175"]
[Opening "Three knights game"]
[ECO "C46"]
[NIC "KP.06"]
[Time "15:47:49"]
[TimeControl "180+0"]

1. e4 e5 2. Nf3 Nc6 3. Nc3 Bc5 4. d3 Nf6 5. h3 h6 6. Be2 g5 7. Nh2 d6 8. O-O
h5 9. Nd5 g4 10. Nxf6+ Qxf6 11. Nxg4 hxg4 12. Bxg4 Bxg4 13. Qxg4 Nd4 14. Bg5
Qg6 15. h4 f6 16. c3 Nc2 17. Qe6+ Kd8 18. Qxf6+ Qxf6 19. Bxf6+ Kd7 20. Bxh8
Rxh8 21. Rac1 Nd4 22. cxd4 Bxd4 23. g3 Bxb2 24. Rc2 Bd4 25. Rfc1 c5 26. Rb1
Kc7 27. a4 a5 28. Rb5 b6 29. Rc1 Rg8 30. Kg2 Rf8 31. Rc2 Rg8 32. Rc1 Rf8 33.
Rc2 Kb7 34. f3 Rg8 35. Rc1 Rg6 36. Rcb1 c4 37. dxc4 Bc5 38. R5b2 Ka6 39. Re2
Rg8 40. Kh3 Rc8 41. g4 Bd4 42. Rc1 Rh8 43. Rcc2 Bc5 44. g5 Kb7 45. Kg4 Kc7
46. h5 Kd7 47. g6 Ke7 48. Kg5 Rg8 49. h6 Ke6 50. h7 Rc8 51. g7 Kf7 52. h8=Q
Rxh8 53. gxh8=Q Ke7 54. Kf5 Kd7 55. Rg2 Kc6 56. Qg8 Kb7 57. Qd5+ Ka7 58.
Rg7+ Kb8 59. Qb7# {Black checkmated} 1-0

[Event "ICC Open 2015"]
[Site "Internet Chess Club"]
[Date "2015.05.30"]
[Round "9"]
[White "gmgattass"]
[Black "FytinFrank"]
[Result "1-0"]
[ICCResult "Black resigns"]
[WhiteElo "2339"]
[BlackElo "2018"]
[Opening "Caro-Kann defense"]
[ECO "B12"]
[NIC "CK.01"]
[Time "15:48:36"]
[TimeControl "180+0"]

1. e4 c6 2. d4 g6 3. Nd2 d5 4. Ngf3 Nh6 5. c3 f6 6. Bd3 Nf7 7. Qb3 Bg7 8. h4
Bg4 9. c4 dxe4 10. Bxe4 b6 11. d5 Nd6 12. Bd3 cxd5 13. cxd5 Nd7 14. Qa4 Bxf3
15. Nxf3 O-O 16. Be3 f5 17. Bd4 Nf6 18. Qb3 Rc8 19. O-O Qd7 20. Ng5 Nfe4 21.
Bxg7 Kxg7 22. Ne6+ Kh8 23. Nxf8 Rxf8 24. Bxe4 Nxe4 25. f3 Nf6 26. Rad1 Rd8
27. Rfe1 Nxd5 28. Re5 e6 29. Rde1 Nf4 30. Qb4 Nd3 31. Qc3 Nxe1 32. Rd5+ Kg8
33. Rxd7 Nxf3+ 34. gxf3 Rxd7 35. Qf6 Rd6 36. Kf2 Rc6 37. Kg3 a5 38. Qd8+ Kg7
39. Qd7+ Kf6 40. Qxc6 h6 41. Qc3+ e5 42. f4 {Black resigns} 1-0

[Event "ICC Open 2015"]
[Site "Internet Chess Club"]
[Date "2015.05.30"]
[Round "9"]
[White "UzbekTiger"]
[Black "Bozhenka"]
[Result "1-0"]
[ICCResult "Black resigns"]
[WhiteElo "2839"]
[BlackElo "3036"]
[Opening "Queen's pawn: Yusupov-Rubinstein system"]
[ECO "A46"]
[NIC "QP.06"]
[Time "15:47:42"]
[TimeControl "180+0"]

1. d4 Nf6 2. Nf3 e6 3. e3 c5 4. Bd3 b6 5. Nbd2 Bb7 6. O-O d5 7. b3 cxd4 8.
exd4 Bd6 9. Bb2 Nc6 10. a3 O-O 11. Ne5 Ne7 12. f4 Rc8 13. Qe2 Bb8 14. Rf3
Nf5 15. Rh3 g6 16. a4 h5 17. a5 Kg7 18. axb6 Qxb6 19. Kh1 a5 20. c4 dxc4 21.
Ndxc4 Qd8 22. d5 Bxd5 23. Rd1 Kg8 24. Bxf5 exf5 25. Rhd3 Rc5 26. Ba3 Rb5 27.
Nc6 Qd7 28. Ne7+ Kh7 29. Nxd5 Rxd5 30. Rxd5 Nxd5 31. Bxf8 Qb5 32. Qb2 f6 33.
Bd6 Ba7 34. h3 Kg7 35. Qd2 {Black resigns} 1-0

[Event "ICC Open 2015"]
[Site "Internet Chess Club"]
[Date "2015.05.30"]
[Round "9"]
[White "TudoracheM"]
[Black "pasco84"]
[Result "0-1"]
[ICCResult "White checkmated"]
[WhiteElo "1784"]
[BlackElo "1746"]
[Opening "Ruy Lopez: Alapin's defense"]
[ECO "C60"]
[NIC "RL.01"]
[Time "15:49:05"]
[TimeControl "180+0"]

1. e4 e5 2. Nf3 Nc6 3. Bb5 Bb4 4. c3 Ba5 5. O-O Nge7 6. a4 a6 7. Bc4 O-O 8.
b4 Bb6 9. Qb3 d6 10. d3 h6 11. Be3 Bxe3 12. fxe3 Bg4 13. Nh4 Be2 14. Rxf7
Rxf7 15. Bxf7+ Kh7 16. Qc2 Bg4 17. Nd2 Ng8 18. Bg6+ Kh8 19. g3 Nce7 20. Rf1
Nxg6 21. Nxg6+ Kh7 22. Nh4 Nf6 23. Nf5 Qd7 24. d4 Rf8 25. Kg2 Nxe4 26. Nh4
Rxf1 27. Nxf1 Bh3+ 28. Kg1 d5 29. Ng2 Qf7 30. Nd2 Qf2+ 31. Kh1 Bxg2#
{White checkmated}
0-1

[Event "ICC Open 2015"]
[Site "Internet Chess Club"]
[Date "2015.05.30"]
[Round "9"]
[White "blackending"]
[Black "putki"]
[Result "1-0"]
[ICCResult "Black checkmated"]
[WhiteElo "1706"]
[BlackElo "1350"]
[Opening "Scandinavian: Marshall variation"]
[ECO "B01"]
[NIC "SD.03"]
[Time "15:49:24"]
[TimeControl "180+0"]

1. e4 d5 2. exd5 Nf6 3. d4 Nxd5 4. c4 Nb6 5. Nc3 Nc6 6. Be3 g6 7. h3 Bg7 8.
Nf3 O-O 9. Be2 e5 10. dxe5 Nxe5 11. Nxe5 Bxe5 12. O-O Be6 13. Qb3 Qf6 14.
Rad1 Rad8 15. a4 Bd4 16. a5 Bxe3 17. fxe3 Qe5 18. axb6 Qxe3+ 19. Kh1 Bxh3
20. Rf3 Bxg2+ 21. Kxg2 Qg5+ 22. Rg3 Qc5 23. bxa7 Qxa7 24. Nd5 Kg7 25. Qc3+
f6 26. Rf3 Rd6 27. Rdf1 c6 28. Rxf6 Rfxf6 29. Rxf6 Rxf6 30. Qxf6+ Kh6 31.
Qf8+ Kg5 32. Qf6+ Kh6 33. Ne7 Qe3 34. Ng8# {Black checkmated} 1-0

[Event "ICC Open 2015"]
[Site "Internet Chess Club"]
[Date "2015.05.30"]
[Round "9"]
[White "bjerky"]
[Black "MJXII"]
[Result "1-0"]
[ICCResult "Black resigns"]
[WhiteElo "1642"]
[BlackElo "1542"]
[Opening "Giuoco Piano"]
[ECO "C54"]
[NIC "IG.02"]
[Time "15:48:22"]
[TimeControl "180+0"]

1. e4 e5 2. Nf3 Nc6 3. Bc4 Bc5 4. c3 Nf6 5. O-O O-O 6. d4 exd4 7. cxd4 Bb6
8. Re1 d5 9. exd5 Nxd5 10. h3 Be6 11. Bxd5 Bxd5 12. Nc3 Bxf3 13. Qxf3 Nxd4
14. Qxb7 Nc2 15. Bg5 f6 16. Rad1 Qc8 17. Qd5+ Kh8 18. Re2 Nb4 19. Qb5 fxg5
20. Qxb4 Qf5 21. Rf1 g4 22. Qxg4 Qxg4 23. hxg4 Rae8 24. Rxe8 Rxe8 25. g3 Rd8
26. Rd1 Rf8 27. Ne4 h6 28. Kg2 Kh7 29. f4 Re8 30. Nc3 Re6 31. Rd2 Rd6 32.
Rxd6 cxd6 33. Kf3 Bd4 34. Ke4 Bxc3 35. bxc3 Kg6 36. Kd5 h5 37. gxh5+ Kxh5
38. Kxd6 Kg4 39. c4 Kxg3 40. c5 Kxf4 41. c6 g5 42. c7 g4 43. c8=Q g3 44. Qg8
g2 45. Qxg2 Ke3 46. Kc5 {Black resigns} 1-0

[Event "ICC Open 2015"]
[Site "Internet Chess Club"]
[Date "2015.05.30"]
[Round "9"]
[White "fredericton"]
[Black "waynerooney"]
[Result "0-1"]
[ICCResult "White checkmated"]
[WhiteElo "1772"]
[BlackElo "1980"]
[Opening "Ruy Lopez: Morphy defense"]
[ECO "C77"]
[NIC "RL.12"]
[Time "15:48:08"]
[TimeControl "180+0"]

1. e4 e5 2. Nf3 Nc6 3. Bb5 a6 4. Ba4 Nf6 5. d4 exd4 6. O-O d6 7. Nxd4 Bd7 8.
Nc3 Be7 9. Bxc6 Bxc6 10. Nf5 O-O 11. f3 Bd7 12. Nxe7+ Qxe7 13. Bg5 Qe5 14.
Qd2 Bc6 15. Rad1 Rfe8 16. Bf4 Qc5+ 17. Be3 Qb4 18. Nd5 Nxd5 19. exd5 Qxd2
20. Rxd2 Rxe3 21. dxc6 bxc6 22. Kf2 Re5 23. Rfd1 Rae8 24. a3 Rb5 25. c4 Rc5
26. b3 a5 27. Rd4 Rce5 28. R1d2 Re1 29. R4d3 Ra1 30. a4 Rb1 31. h3 f6 32.
Re2 Rxe2+ 33. Kxe2 Rb2+ 34. Kf1 Kf7 35. Kg1 Ke6 36. Kh2 d5 37. Re3+ Kd7 38.
Rd3 Kd6 39. Re3 d4 40. Re8 c5 41. Rd8+ Ke7 42. Kg3 Kxd8 43. Kf4 d3 44. Ke4
d2 45. Ke3 d1=Q 46. Ke4 Qxb3 47. Kf5 Qxa4 48. Ke4 Qxc4+ 49. Kf5 Qc2+ 50. Kg4
Qxg2+ 51. Kf4 Rf2 52. Ke4 Qxf3# {White checkmated} 0-1

[Event "ICC Open 2015"]
[Site "Internet Chess Club"]
[Date "2015.05.30"]
[Round "9"]
[White "Meditator"]
[Black "regenmaker"]
[Result "0-1"]
[ICCResult "White checkmated"]
[WhiteElo "2213"]
[BlackElo "1894"]
[Opening "Caro-Kann: exchange variation"]
[ECO "B13"]
[NIC "CK.02"]
[Time "15:47:36"]
[TimeControl "180+0"]

1. e4 c6 2. d4 d5 3. exd5 cxd5 4. Bd3 Nc6 5. c3 g6 6. Bf4 Bg7 7. Nf3 Nh6 8.
O-O O-O 9. Nbd2 f6 10. Re1 Nf7 11. Bg3 e5 12. dxe5 fxe5 13. Bb5 e4 14. Bxc6
bxc6 15. Nd4 Qb6 16. N2b3 Ne5 17. Bxe5 Bxe5 18. Qd2 a5 19. Rab1 Ra7 20. Nc1
Raf7 21. Rf1 Ba6 22. Nce2 c5 23. Nc2 Qb8 24. g3 Qb5 25. Rbe1 Qxb2 26. Rc1 d4
27. Rb1 dxc3 28. Qd1 Qxa2 29. Nc1 Qxb1 30. Na3 Qb7 31. Re1 e3 32. fxe3 Rf2
33. e4 Bd4 34. Kh1 Re8 35. Nd3 Rxe4 36. Nxf2 Rxe1# {White checkmated} 0-1

[Event "ICC Open 2015"]
[Site "Internet Chess Club"]
[Date "2015.05.30"]
[Round "9"]
[White "Federicov"]
[Black "Kastor"]
[Result "1-0"]
[ICCResult "Black resigns"]
[WhiteElo "3103"]
[BlackElo "2911"]
[Opening "Sicilian: Najdorf, Byrne (English) attack"]
[ECO "B90"]
[NIC "SI.14"]
[Time "15:49:04"]
[TimeControl "180+0"]

1. e4 c5 2. Nf3 d6 3. d4 cxd4 4. Nxd4 Nf6 5. Nc3 a6 6. Be3 Nc6 7. f3 e6 8.
Qd2 Be7 9. O-O-O O-O 10. g4 Nxd4 11. Bxd4 b5 12. g5 Nd7 13. h4 Bb7 14. a3
Ne5 15. Qg2 Nc6 16. Be3 b4 17. axb4 Nxb4 18. h5 Qa5 19. Kb1 Rac8 20. Qd2 d5
21. h6 g6 22. Qd4 f6 23. Bh3 e5 24. Qb6 Qxb6 25. Bxb6 d4 26. Be6+ Kh8 27.
Bxc8 Rxc8 28. gxf6 Bxf6 29. Na4 Rxc2 30. Ba5 Bc6 31. Nb6 Rc5 32. Bxb4 Rb5
33. Rc1 Bb7 34. Nd5 Bg5 35. Rc7 Kg8 36. Rg7+ Kh8 37. Ne7 {Black resigns} 1-0

[Event "ICC Open 2015"]
[Site "Internet Chess Club"]
[Date "2015.05.30"]
[Round "9"]
[White "SvMihajlov"]
[Black "Bartof"]
[Result "1-0"]
[ICCResult "Black resigns"]
[WhiteElo "2312"]
[BlackElo "1997"]
[Opening "Queen's pawn: Chigorin variation"]
[ECO "D00"]
[NIC "QP.08"]
[Time "15:48:39"]
[TimeControl "180+0"]

1. d4 d5 2. Nc3 Nf6 3. Bf4 e6 4. e3 Bd6 5. Nge2 O-O 6. h3 b6 7. g4 Ba6 8.
Bg2 c5 9. O-O Nc6 10. Re1 Bxe2 11. Nxe2 cxd4 12. exd4 Qc7 13. Bxd6 Qxd6 14.
c3 b5 15. Qd2 Na5 16. b3 Rac8 17. Rac1 Nc6 18. Qf4 Qxf4 19. Nxf4 Rc7 20. Nd3
Nd7 21. b4 a5 22. a3 Ra8 23. Nc5 Rca7 24. Bf1 Rb8 25. f4 axb4 26. axb4 Nf6
27. Ra1 Ne8 28. Rxa7 Nxa7 29. Ra1 Nc8 30. Nd7 Rb7 31. Ra8 Ned6 32. Nc5 Ra7
33. Rb8 Kf8 34. Bxb5 Ke7 35. Ba6 Rc7 36. b5 Nc4 37. Rxc8 {Black resigns} 1-0

[Event "ICC Open 2015"]
[Site "Internet Chess Club"]
[Date "2015.05.30"]
[Round "9"]
[White "Agenda"]
[Black "lemanofzorn"]
[Result "0-1"]
[ICCResult "White forfeits on time"]
[WhiteElo "1218"]
[BlackElo "1443"]
[Opening "Torre attack (Tartakower variation)"]
[ECO "D03"]
[NIC "QP.08"]
[Time "15:47:53"]
[TimeControl "180+0"]

1. d4 d5 2. Nf3 Nf6 3. Bg5 c6 4. e3 Bg4 5. Nbd2 e6 6. c3 Bd6 7. Qb3 Qc7 8.
Bxf6 gxf6 9. Bd3 f5 10. Ng5 Be7 11. Ndf3 h6 12. Nh3 Bxf3 13. gxf3 Bh4 14.
Qc2 Qe7 15. O-O-O Nd7 16. Nf4 Bg5 17. Ng2 O-O-O 18. Qa4 Kb8 19. f4 Nb6 20.
Qc2 Bf6 21. h4 h5 22. Ne1 Rdg8 23. Nf3 Rg4 24. Ne5 Bxh4 25. Nxg4 hxg4 26.
Rdg1 Qf6 27. Rg2 g3 28. fxg3 Bxg3 29. Rxh8+ Qxh8 30. Rxg3 Qh1+ 31. Qd1 Qh2
32. Rg8+ Kc7 33. Qc2 Qh1+ 34. Qd1 Qh3 35. Qd2 Qh1+ 36. Kc2 Nc4 37. Bxc4 dxc4
38. Rf8 Qe4+ 39. Kc1 Qh1+ 40. Qd1 Qe4 41. Rxf7+ Kb6 42. Re7 Qxe3+ 43. Qd2
Qg1+ {White forfeits on time} 0-1

[Event "ICC Open 2015"]
[Site "Internet Chess Club"]
[Date "2015.05.30"]
[Round "9"]
[White "Palenque"]
[Black "LordKinbote"]
[Result "1-0"]
[ICCResult "Black forfeits on time"]
[WhiteElo "1658"]
[BlackElo "1375"]
[Opening "Danish gambit: Schlechter defense"]
[ECO "C21"]
[NIC "KP.04"]
[Time "15:47:37"]
[TimeControl "180+0"]

1. e4 e5 2. d4 exd4 3. c3 dxc3 4. Bc4 cxb2 5. Bxb2 d5 6. Bxd5 Nf6 7. Bxf7+
Kxf7 8. Qxd8 Bb4+ 9. Qd2 Bxd2+ 10. Nxd2 Nc6 11. f3 Be6 12. a3 Rhd8 13. Ne2
Rac8 14. Nc3 Nd4 15. Rc1 c5 16. Nf1 b5 17. Ne3 a6 18. O-O Nb3 19. Rcd1 c4
20. g4 Nc5 21. g5 Nh5 22. Ned5 Bxd5 23. Nxd5 Nd3 24. Bc3 Nhf4 25. Nxf4 Nxf4
26. Kf2 Nd3+ 27. Ke3 Rd7 28. Ba5 Rc6 29. Bc3 Rcd6 30. Rd2 Ke6 31. Rfd1 Nc5
32. f4 Rxd2 33. Rxd2 Rxd2 34. Bxd2 Na4 35. Bb4 c3 36. Kd3 Kd7 37. Bxc3 Nxc3
38. Kxc3 Kc6 39. Kb4 Kb6 40. h4 a5+ 41. Kb3 Kc5 42. Kc3 b4+ 43. axb4+ axb4+
44. Kb3 Kd4 45. e5 Kd5 46. Kxb4 Ke6 47. Kc5 g6 48. Kd4 Kf5 49. Kd5
{Black forfeits on time}
1-0